 Dungeon Crawl Stone Soup version 0.29-a0-88-g03a7b78be7 (webtiles) character file.

Game seed: 12251339127694298488

44 Hubjo the Sneak (level 3, 0/26 HPs)
             Began as a Vampire Enchanter on Feb 5, 2022.
             Succumbed to an adder's poison
             ... on level 2 of the Dungeon.
             The game lasted 00:07:26 (1810 turns).

Hubjo the Sneak (Vampire Enchanter)                 Turns: 1810, Time: 00:07:27

Health: 0/26       AC:  2    Str:  6 (7)  XL:     3   Next: 41%
Magic:  1/6        EV: 12    Int: 15 (17) God:
Gold:   31         SH:  0    Dex: 15 (16) Spells: 0/6 levels left

rFire   . . .      SeeInvis +   a - +1 dagger
rCold   . . .      Faith    .   (no shield)
rNeg    . . .      Spirit   +   b - +1 robe
rPois   .          Reflect  .   (no helmet)
rElec   .          Harm     .   (no cloak)
rCorr   .          Rampage  .   (no gloves)
Will    .....                   (no boots)
Stlth   +++.......              h - amulet of guardian spirit
HPRegen 0.28/turn               e - ring of wizardry
MPRegen 0.10/turn               g - ring of flight

@: lethally poisoned (0 -> -7), flying, healing quickly
A: alive, fangs 3, see invisible, vampiric 2, deformed body, screaming 1, wild
magic 1
a: Exsanguinate


You were on level 2 of the Dungeon.
You visited 1 branch of the dungeon, and saw 2 of its levels.

You collected 31 gold pieces.

Inventory:

Hand Weapons
 a - a +1 dagger (weapon)
Armour
 b - a +1 robe (worn)
Jewellery
 e - a ring of wizardry (left hand)
 f - a ring of see invisible
 g - a ring of flight (right hand)
 h - an amulet of guardian spirit (around neck)
 i - a ring of poison resistance
Potions
 d - a potion of degeneration


   Skills:
 * Level 1.2 Fighting
 + Level 1.5 Short Blades
 + Level 2.4 Dodging
 * Level 5.5 Stealth
 - Level 2.0 Spellcasting
 + Level 4.7 Hexes


You couldn't memorise any spells.
You knew the following spells:

 Your Spells              Type           Power      Damage    Failure   Level
a - Tukima's Dance        Hex            20%        N/A       6%          3
b - Dazzling Flash        Conj/Hex       22%        N/A       14%         3

Your spell library contained the following spells:

 Spells                   Type           Power      Damage    Failure   Level
 Confusing Touch          Hex            20%        N/A       6%          3
 Ensorcelled Hibernation  Hex/Ice        22%        N/A       8%          2


Dungeon Overview and Level Annotations

Branches:
Dungeon (2/15)

Altars:


Innate Abilities, Weirdness & Mutations

Your natural rate of healing is accelerated.
You have razor-sharp teeth.
You have supernaturally acute eyesight. (SInv)
You are afflicted with vampirism and can become a bat while bloodless.
Armour fits poorly on your strangely shaped body.
You occasionally shout uncontrollably at your foes.
Your spells are a little harder to cast, but a little more powerful.


Message History

You hit the adder but do no damage.
You feel sick. The adder bites you.
You closely miss the adder.
You feel sick. The adder barely misses you.
You hit the adder but do no damage.
You feel sick. The adder barely misses you.
You closely miss the adder.
You feel sick. The adder bites you.
You closely miss the adder.
You feel sick.
You are no longer poisoned.
The adder misses you.
You miss the adder. You bite the adder.
The adder is moderately wounded.
The adder barely misses you. x2
You closely miss the adder.
The adder is moderately wounded.
The adder bites you.
You hit the adder.
The adder is severely wounded.
The adder bites you.
As you read the scroll labelled BIBISO LYQAFYTH, it crumbles to dust.
It is a scroll of enchant armour.
Your +0 robe glows green for a moment.
The adder barely misses you.
You barely miss the adder. You bite the adder.
The adder is almost dead.
The adder bites you but does no damage. x2
You miss the adder.
The adder is almost dead.
The adder bites you.
* * * LOW HITPOINT WARNING * * *
You are lethally poisoned!
The adder poisons you!
You barely miss the adder.
The adder is almost dead.
* * * LOW HITPOINT WARNING * * *
You feel sick. The adder bites you.
* * * LOW HITPOINT WARNING * * *
You are more poisoned.
The adder poisons you!
Cast which spell? (? or * to list)
You don't have enough magic to cast this spell.
You hit the adder.
You kill the adder!
You die...

##.##...##...#
#.##........#
#.##........# #
##'#########.#####.#
#...## #.....(.# .....##
####.#### ......# ## #.#
.......# ##...#.#######.
.......+........@.......
.......####...#.#######.
......## ##.##.# .....##
#. ... #...## # ##.#
##+## ### #.# #.# #..
..# #.# #.# .. ##.####
#.#


There were no monsters in sight!

Vanquished Creatures
  An adder (D:2)
  A worm (D:2)
  3 dart slugs
  3 ball pythons
  2 endoplasms
  4 giant cockroaches
  3 goblins
  5 hobgoblins
  4 bats
  4 frilled lizards
  3 kobolds (D:2)
  A rat (D:2)
34 creatures vanquished.

Notes
Turn   | Place    | Note
-------+----------+-------------------------------------------
     0 | D:1      | Hubjo the Vampire Enchanter began the quest for the Orb.
     0 | D:1      | Reached XP level 1. HP: 13/13 MP: 3/3
   327 | D:1      | Reached XP level 2. HP: 13/20 MP: 5/5
   500 | D:1      | Reached skill level 5 in Stealth
   632 | D:1      | Gained mutation: Your spells are a little harder to cast,
                  | but a little more powerful. [potion of mutation]
   632 | D:1      | Gained mutation: Armour fits poorly on your strangely
                  | shaped body. [potion of mutation]
   632 | D:1      | Gained mutation: You occasionally shout uncontrollably at
                  | your foes. [potion of mutation]
   637 | D:1      | HP: 1/20 [poisoned by a goblin]
   730 | D:1      | Reached skill level 1 in Fighting
  1497 | D:2      | Gained mutation: You are afflicted with vampirism and can
                  | become a bat while bloodless. [Vampire growth]
  1497 | D:2      | Reached XP level 3. HP: 22/26 MP: 6/6
  1597 | D:2      | Learned a level 3 spell: Tukima's Dance
  1601 | D:2      | Learned a level 3 spell: Dazzling Flash
  1810 | D:2      | Succumbed to an adder's poison

Illustrated notes

Levels and vault maps discovered:
D:1:      erik_arrival_triangle_small, layout_basic
D:2:      layout_loops_corners, minmay_misc_feat_diagonals, minmay_circle_x

Skill      XL: |  1  2 |
---------------+-------+-----
Stealth        | 5 |  5.5
Fighting       | 1 |  1.2
Short Blades   | |  1.5
Dodging        | |  2.4
Spellcasting   | |  2.0
Hexes          | |  4.7

Action                   || total
-------------------------++-------
Melee: Dagger            ||   188
       Bite              ||    18
       Punch             ||     3
  Use: Potion            ||     5
       Scroll            ||     3
 Stab: Sleeping          ||     3
Armor: Robe              ||    40
       Skin              ||     4
Dodge: Dodged            ||    93

Table legend: (Time is in decaauts)
 A = Elapsed time spent in this place.
 B = Non-inter-level travel time spent in this place.
 C = Inter-level travel time spent in this place.
 D = Time resting spent in this place.
 E = Time spent auto-exploring this place.
 F = Levels seen in this place.
 G = Mean time per level.
                   A        B        C        D        E       F      G
               +--------+--------+--------+--------+--------+-----+--------+
         Total |   1795 |   1667 |    128 |    182 |   1023 |   2 |  897.5 |
       Dungeon |   1795 |   1667 |    128 |    182 |   1023 |   2 |  897.5 |
               +--------+--------+--------+--------+--------+-----+--------+

Top non-repeatable levels by time:
     D:1: 1072 daAuts
     D:2: 723 daAuts
